 Dungeon Crawl Stone Soup version 0.29-a0-789-g7a8fcbc185 (webtiles) character file.

Game seed: 13187436397597320730

178274 dolemite99 the Evangelist (level 17, -4/156 (166) HPs)
             Began as a Hill Orc Fighter on July 3, 2022.
             Was an Elder of Beogh.
             Killed from afar by Sojobo (44 damage)
             ... with a bolt of lightning
             ... on level 3 of the Vaults.
             The game lasted 01:11:58 (44458 turns).

dolemite99 the Evangelist (Hill Orc Fighter)       Turns: 44458, Time: 01:11:58

HP:   -4/156 (166)  AC: 37    Str: 36    XL:     17   Next: 87%
MP:   31/31         EV:  6    Int:  8    God:    Beogh [****..]
Gold: 70            SH: 23    Dex: 10    Spells: 16/16 levels left

rFire   + . .      SeeInvis .   a - +4 broad axe (freeze)
rCold   + . .      Faith    .   H - +8 kite shield of a Gauntlet {Str+3}
rNeg    . . .      Spirit   .   z - +1 gold dragon scales
rPois   +          Reflect  +   w - +2 helmet
rElec   .          Harm     .   m - +2 cloak
rCorr   .          Rampage  .   g - +1 pair of gloves
Will    +....                   T - +1 pair of boots
Stlth   ..........              E - amulet of reflection
HPRegen 0.36/turn               e - +6 ring of strength
MPRegen 0.22/turn               c - +4 ring of protection {=R}

@: drained
A: no striking features
}: 1/15 runes: barnacled
a: Renounce Religion, Smiting, Recall Orcish Followers


You were on level 3 of the Vaults.
You worshipped Beogh.
Beogh was greatly pleased with you.
You visited 5 branches of the dungeon, and saw 30 of its levels.
You visited the Abyss 1 time.
You also visited: Gauntlet.

You collected 3814 gold pieces.
You spent 3744 gold pieces at shops.

Inventory:

Hand Weapons
 a - a +4 broad axe of freezing (weapon)
Missiles
 v - 3 throwing nets
 B - 13 javelins (quivered)
 I - 7 silver boomerangs
 R - 25 boomerangs
Armour
 g - a +1 pair of gloves (worn)
 m - a +2 cloak (worn)
 w - a +2 helmet (worn)
 z - +1 gold dragon scales (worn)
 H - the +8 kite shield of a Gauntlet (worn) {Str+3}
   (You acquired it on level 8 of the Dungeon)

   Str:       It affects your strength (+3).
 T - a +1 pair of boots (worn)
Jewellery
 c - a +4 ring of protection (right hand) {=R}
 e - a +6 ring of strength (left hand)
 i - a ring of protection from cold
 k - a ring of protection from fire
 o - a ring of willpower
 s - a ring of resist corrosion
 A - a ring of see invisible
 E - an amulet of reflection (around neck)
 U - the ring "Kadong" {Fly rElec rN+ Dex+2 Slay+4}
   (You found it in a Gauntlet)

   [ring of slaying]

   Dex:       It affects your dexterity (+2).
   Slay:      It affects your accuracy & damage with ranged weapons and melee
   (+4).
   rElec:     It insulates you from electricity.
   rN:        It protects you from negative energy.
   Fly:       It grants you flight.
 V - the ring of the Present {rPois rF+ Slay+3}
   (You found it on level 6 of the Lair of Beasts)

   [ring of poison resistance]

   Slay:      It affects your accuracy & damage with ranged weapons and melee
   (+3).
   rF:        It protects you from fire.
   rPois:     It protects you from poison.
Wands
 n - a wand of mindburst (5)
 p - a wand of polymorph (19)
 y - a wand of paralysis (19)
 G - a wand of digging (5)
 K - a wand of iceblast (8)
 S - a wand of light (2)
Scrolls
 d - 7 scrolls of blinking
 j - 11 scrolls of identify {@r1}
 l - 10 scrolls of teleportation
 t - 8 scrolls of fear
 x - a scroll of silence
 F - 2 scrolls of immolation
 J - 9 scrolls of fog
 M - 4 scrolls of vulnerability
 P - 6 scrolls of poison
Potions
 b - 6 potions of flight
 f - 3 potions of heal wounds
 h - a potion of invisibility
 q - 5 potions of magic
 r - 23 potions of curing
 u - 9 potions of brilliance
 C - 6 potions of attraction
 L - 3 potions of resistance
 O - 3 potions of haste
 Q - a potion of berserk rage
 W - 4 potions of might
 X - 2 potions of ambrosia
 Y - a potion of cancellation
Miscellaneous
 D - a phantom mirror
 N - a lightning rod (inert)
 Z - a phial of floods


   Skills:
 + Level 18.5 Fighting
 - Level 17.9 Axes
 - Level 5.4 Throwing
 - Level 15.0 Armour
 - Level 10.0 Shields
 - Level 21.4 Invocations
 - Level 6.0 Evocations


You had 16 spell levels left.
You didn't know any spells.
Your spell library contained the following spells:

 Spells                   Type           Power      Damage    Failure   Level
 Apportation              Tloc           0%         N/A       100%        1
 Freeze                   Ice            0%         1d3       100%        1
 Magic Dart               Conj           0%         1d3       100%        1
 Summon Small Mammal      Summ           0%         N/A       100%        1
 Blink                    Tloc           0%         N/A       100%        2
 Call Imp                 Summ           0%         N/A       100%        2
 Searing Ray              Conj           0%         2d4       100%        2
 Call Canine Familiar     Summ           0%         N/A       100%        3
 Frozen Ramparts          Ice            0%         1d2       100%        3
 Gell's Gravitas          Tloc           0%         N/A       100%        3
 Lesser Beckoning         Tloc           0%         N/A       100%        3
 Ozocubu's Armour         Ice            0%         N/A       100%        3
 Stone Arrow              Conj/Erth      0%         3d7       100%        3
 Summon Guardian Golem    Hex/Summ       0%         N/A       100%        3
 Teleport Other           Tloc           0%         N/A       100%        3
 Animate Armour           Summ/Erth      0%         N/A       100%        4
 Fulminant Prism          Conj/Hex       0%         3d6       100%        4
 Hailstorm                Conj/Ice       0%         3d3       100%        4
 Ice Form                 Ice/Tmut       0%         N/A       100%        4
 Summon Ice Beast         Ice/Summ       0%         N/A       100%        4
 Alistair's Intoxication  Tmut/Pois      0%         N/A       100%        5
 Blade Hands              Tmut           0%         N/A       100%        5
 Borgnjor's Vile Clutch   Necr/Erth      0%         N/A       100%        5
 Fireball                 Conj/Fire      0%         3d3       100%        5
 Freezing Cloud           Conj/Ice/Air   0%         6-21      100%        5
 Iskenderun's Battlesphe  Conj           0%         2d6       100%        5
 Manifold Assault         Tloc           0%         N/A       100%        5
 Metabolic Englaciation   Hex/Ice        0%         N/A       100%        5
 Summon Mana Viper        Hex/Summ       0%         N/A       100%        5
 Conjure Ball Lightning   Conj/Air       0%         3x3d6     100%        6
 Dispersal                Tloc           0%         N/A       100%        6
 Eringya's Noxious Bog    Tmut/Pois      0%         N/A       100%        6
 Iron Shot                Conj/Erth      0%         9d1       100%        6
 Simulacrum               Ice/Necr       0%         N/A       100%        6
 Monstrous Menagerie      Summ           0%         N/A       100%        7
 Orb of Destruction       Conj           0%         9d5       100%        7
 Spellforged Servitor     Conj/Summ      0%         N/A       100%        7
 Borgnjor's Revivificati  Necr           0%         N/A       100%        8
 Lehudib's Crystal Spear  Conj/Erth      0%         10d2      100%        8
 Necromutation            Tmut/Necr      0%         N/A       100%        8
 Death's Door             Necr           0%         N/A       100%        9
 Polar Vortex             Ice            0%         N/A       100%        9


Dungeon Overview and Level Annotations

Branches:
Dungeon (15/15)            Temple (0/1) D:6            Lair (6/6) D:10
 Shoals (4/4) Lair:3       Spider (0/4) Lair:2        Slime (0/5) Lair:5
    Orc (2/2) D:11            Elf (0/3) Orc:2        Vaults (3/5) D:14
  Crypt (0/3) Vaults:2     Depths (0/4) D:15        Gauntlet (visited)

Altars:
Ashenzari
Cheibriados
Elyvilon
Fedhas
Gozag
Hepliaklqana
Kikubaaqudgha
Makhleb
Okawaru
Qazlal
Ru
Sif Muna
Trog
Xom
Zin
The Shining One
Beogh

Shops:
D:1 !   D:2 [   D:4 =   D:8 *   D:9 ?   D:10 =   D:11 *   D:15 :   Orc:2 *?((
Shoals:3 :[   Vaults:2 =!*

Annotations:
D:6 1 runed translucent door
Lair:1 2 transporters
Vaults:2 1 transporter
Vaults:3 Sojobo


Message History

You are too injured to fight recklessly!
You slice something!! You freeze something.
Something hits you but does no damage. Something pecks you but does no damage.
Something claws you but does no damage.
Jorge hits the tengu reaver from afar with a +3 glaive of venom!
The tengu reaver is poisoned.
You completely miss something. You block the tengu reaver's attack.
You hear blowing wind.
The air twists around and strikes you.
Jorge closely misses the tengu reaver.
You completely miss something.
The tengu reaver hits you but does no damage.
You hear some strange, mumbled words.
You are blown backwards!
Jorge is blown away by the wind.
Jorge hits the tengu reaver from afar with a +3 glaive of venom!!
The tengu reaver looks as sick as possible!
You completely miss something. You block the tengu reaver's attack.
Jorge hits the tengu reaver from afar with a +3 glaive of venom!!
The tengu reaver looks as sick as possible!
Something hits you! Something pecks you but does no damage.
You block something's attack.
The tengu reaver points at Jorge and mumbles some strange words.
The bolt of negative energy hits you!!
You feel drained.
The bolt of negative energy hits Jorge!!!
Jorge is drained!
Jorge hits the tengu reaver from afar with a +3 glaive of venom!!
The tengu reaver dies!
Beogh accepts your kill. Something hits you!
* * * LOW HITPOINT WARNING * * *
Something pecks you but does no damage. Something claws you but does no damage.
Things that are here:
a +3 vorpal battleaxe; a +0 scale mail; a tengu corpse Something hits you but does no damage.
Something pecks you but does no damage. Something claws you but does no damage.
Items here: )) [[ †.
You completely miss something.
You hear some strange, mumbled words.
A bolt of lightning appears from out of thin air!
The bolt of lightning hits you!!!
You die...

..........#
..........#
..........#
..........#
..........#
..........#
..........#
.......{o.#
.......@..#
..........#
..........#
..........#
(.........#
..........#
...(......#
..........#


You could see the friendly Jorge the orc warlord (drained).

Vanquished Creatures
  A titan (Shoals:4)
  A tentacled starspawn (Abyss:1)
  Agnes (D:15)
  A vault warden (Vaults:2)
  A war gargoyle (Vaults:2)
  2 very ugly things
  5 ironbound preservers
  A lorocyproca (Abyss:1)
  Nessos (D:14)
  An ironbound thunderhulk (Vaults:2)
  A minotaur (Gauntlet)
  Azrael (Orc:2)
  3 dire elephants (Vaults:1)
  A crystal guardian (Vaults:1)
  5 merfolk impalers (Shoals:4)
  Snorg (Orc:2)
  A jiangshi (Vaults:2)
  2 merfolk javelineers (Shoals:4)
  A yaktaur captain (Vaults:2)
  Harold (D:9)
  A rakshasa (D:15)
  Erolcha (D:9)
  9 hydras
  A peacekeeper (Vaults:1)
  2 boulder beetles
  2 merfolk avatars
  Erica (D:9)
  4 catoblepae
  An alligator snapping turtle (Shoals:3)
  2 merfolk aquamancers (Shoals:4)
  7 death yaks
  3 satyrs (Shoals:4)
  3 two-headed ogres
  2 vampire magi (Vaults:2)
  2 wretched stars
  A sea snake (Shoals:4)
  13 deep trolls
  A wizard (D:14)
  3 ironbound convokers
  2 lindwurms (Vaults:1)
  2 orc knights (D:15)
  16 harpies
  A salamander (shapeshifter) (D:15)
  7 cyclopes
  11 ugly things
  2 worldbinders (Abyss:1)
  10 manticores
  2 fauns
  3 merfolk sirens (Shoals:4)
  A water nymph (Shoals:4)
  9 vault sentinels
  6 elephants
  2 black mambas
  12 cane toads
  A torpor snail (Gauntlet)
  2 gargoyles
  2 rime drakes
  An efreet (D:14)
  A yaktaur (Vaults:2)
  3 kobold demonologists
  8 komodo dragons
  4 trolls
  7 merfolk
  3 wind drakes
  2 polar bears
  24 blink frogs
  2 snapping turtles (Shoals:4)
  24 slime creatures
  11 dream sheep
  A flying skull (Vaults:2)
  5 air elementals (Shoals:4)
  A vampire (Abyss:1)
  A shadow (D:9)
  A ynoxinul (Abyss:1)
  6 wyverns
  2 wraiths
  34 yaks
  6 basilisks
  15 water elementals
  4 humans (D:14)
  2 small abominations
  A steam dragon (D:9)
  2 acid dragons
  2 wargs
  4 hell hounds (Orc:2)
  Duvessa (D:6)
  12 water moccasins
  3 ice beasts
  17 orc warriors
  2 black bears
  5 ogres
  5 wolves (Lair:3)
  5 centaurs
  9 kobold brigands
  A phantom (D:5)
  2 gnoll sergeants
  13 bullfrogs
  2 scorpions
  3 necrophages
  Dowan (D:6)
  12 killer bees
  8 howler monkeys
  A vampire bat (D:10)
  2 jellies
  A quasit (Abyss:1)
  3 hounds
  11 orc priests
  An iron imp (Abyss:1)
  Natasha (thrice) (D:4)
  3 iguanas
  12 orc wizards
  8 adders
  18 gnolls
  3 white imps
  An ufetubus (D:6)
  3 worms
  The ghost of hellse the Sneak, a weakling FoDe (D:6)
  3 dart slugs
  31 orcs
  8 endoplasms
  2 giant cockroaches
  13 goblins
  9 hobgoblins
  7 jackals
  4 quokkas
  11 ball pythons
  11 bats
  9 frilled lizards
  34 kobolds
  6 rats
  A lurking horror (Abyss:1)
  A starspawn tentacle (Abyss:1)
681 creatures vanquished.

Vanquished Creatures (collateral kills)
  Polyphemus (Shoals:2)
  2 tengu reavers (Vaults:3)
  2 ironbound preservers (Vaults:2)
  A very ugly thing (Vaults:3)
  2 ironbound thunderhulks (Vaults:2)
  A crystal guardian (Vaults:2)
  5 merfolk impalers
  2 yaktaur captains (Vaults:2)
  A great orb of eyes (D:15)
  2 vault guards (Vaults:2)
  2 hydras
  An ironbound frostheart (Vaults:2)
  A boulder beetle (D:14)
  A peacekeeper (Vaults:2)
  A rakshasa (D:15)
  2 merfolk avatars
  A centaur warrior (D:14)
  A two-headed ogre (D:12)
  2 merfolk aquamancers
  3 death yaks (Shoals:2)
  Lodul (D:12)
  7 sea snakes
  10 deep trolls (Vaults:2)
  16 harpies
  2 deep elf pyromancers (D:14)
  7 ugly things
  3 orc sorcerers (Orc:2)
  7 manticores
  3 merfolk sirens
  A cyclops (Shoals:2)
  5 fauns
  2 water nymphs
  5 vault sentinels
  A freezing wraith (D:14)
  A kobold demonologist (D:13)
  A yaktaur (Vaults:3)
  12 merfolk
  A troll (Orc:1)
  4 wind drakes
  A dream sheep (Shoals:4)
  12 slime creatures
  A snapping turtle (Shoals:1)
  An air elemental (Shoals:4)
  6 water elementals
  A fire elemental (Orc:2)
  12 humans
  2 vampire mosquitoes (D:12)
  A hell hound (Orc:2)
  5 orc warriors
  2 ogres (D:12)
  A kobold brigand (D:12)
  A gnoll sergeant (D:12)
  2 howler monkeys (D:14)
  A hound (D:7)
  5 orc priests
  12 orc wizards
  A gnoll (D:12)
  7 orcs
  4 kobolds
  2 plants (Shoals:3)
203 creatures vanquished.

Vanquished Creatures (others)
  An orc high priest (Shoals:2)
  A merfolk aquamancer (Shoals:4)
  9 orc knights
  An orc sorcerer (Orc:2)
  10 orc warriors
  7 orc priests
  15 orc wizards
  19 orcs
  27 fungi
  152 plants
  4 starspawn tentacles (Abyss:1)
246 creatures vanquished.

Grand Total: 1130 creatures vanquished

Notes
Turn   | Place    | Note
-------+----------+-------------------------------------------
     0 | D:1      | dolemite99 the Hill Orc Fighter began the quest for the
                  | Orb.
     0 | D:1      | Reached XP level 1. HP: 19/19 MP: 1/1
   198 | D:1      | Reached XP level 2. HP: 22/26 MP: 2/2
   447 | D:1      | Found Kixzuygume's Distillery.
   563 | D:1      | Reached XP level 3. HP: 18/31 MP: 3/3
   928 | D:1      | Found a faded altar of an unknown god.
   956 | D:1      | Reached skill level 5 in Axes
   969 | D:1      | Prayed at the altar of an unknown god.
   969 | D:1      | Became a worshipper of Beogh the Brigand
   969 | D:1      | Reached * piety under Beogh
  1358 | D:2      | Found Menteakka's Antique Armour Shop.
  1551 | D:2      | Reached XP level 4. HP: 36/37 MP: 4/4
  2149 | D:3      | Noticed Natasha
  2157 | D:2      | Reached ** piety under Beogh
  2406 | D:3      | You fall into a shaft and drop 3 floors!
  2410 | D:5      | Entered Level 5 of the Dungeon
  2493 | D:4      | Noticed a scorpion
  2500 | D:4      | Killed a scorpion
  2501 | D:4      | Reached XP level 5. HP: 44/45 MP: 5/5
  2719 | D:4      | Killed Natasha
  2720 | D:4      | Reached XP level 6. HP: 43/51 MP: 6/6
  3051 | D:3      | Identified the +4 mace "Jellybane" {elec, Str+3}
  3762 | D:4      | Found Zeqat's Jewellery Shoppe.
  3829 | D:4      | Noticed Natasha
  3847 | D:4      | Reached skill level 1 in Invocations
  3847 | D:4      | Reached XP level 7. HP: 57/57 MP: 6/8
  3922 | D:4      | Killed Natasha
  3922 | D:4      | Reached *** piety under Beogh
  3923 | D:4      | Reached skill level 2 in Invocations
  3941 | D:4      | Noticed Natasha
  3950 | D:4      | Killed Natasha
  4252 | D:1      | Bought a potion of heal wounds for 55 gold pieces
  4252 | D:1      | Bought a potion of curing for 33 gold pieces
  4483 | D:5      | Reached skill level 3 in Invocations
  4492 | D:5      | Reached skill level 4 in Invocations
  4626 | D:5      | Reached skill level 5 in Invocations
  5172 | D:6      | Reached skill level 6 in Invocations
  5191 | D:6      | Reached skill level 7 in Invocations
  5191 | D:6      | Reached XP level 8. HP: 46/64 MP: 11/13
  5219 | D:6      | Noticed Dowan
  5220 | D:6      | Noticed Duvessa
  5231 | D:6      | Killed Duvessa
  5232 | D:6      | Reached skill level 8 in Invocations
  5252 | D:6      | Reached skill level 9 in Invocations
  5255 | D:6      | Reached skill level 10 in Invocations
  5255 | D:6      | Killed Dowan
  5404 | D:6      | Found an ancient bone altar of Kikubaaqudgha.
  5454 | D:6      | Found a staircase to the Ecumenical Temple.
  5562 | D:6      | Found a runed translucent door.
  5568 | D:6      | Noticed hellse's ghost (weakling FoDe)
  5589 | D:6      | Found a runed translucent door.
  5625 | D:6      | Reached skill level 10 in Axes
  5626 | D:6      | Killed hellse's ghost
  5885 | D:7      | Reached XP level 9. HP: 65/70 MP: 16/16
  6002 | D:7      | Found a broken altar of Ashenzari.
  6849 | D:7      | Noticed a gargoyle
  6858 | D:7      | Noticed a two-headed ogre
  6860 | D:7      | Killed a gargoyle
  6861 | D:7      | Noticed a cyan ugly thing
  6862 | D:7      | Killed a two-headed ogre
  6863 | D:7      | Reached XP level 10. HP: 65/77 MP: 10/17
  6865 | D:7      | Killed a cyan ugly thing
  6866 | D:7      | Reached skill level 15 in Axes
  7260 | D:8      | Identified a scroll of acquirement
  7260 | D:8      | Acquired the +8 kite shield of a Gauntlet {Str+3}
  7297 | D:8      | Found Varchob's General Store.
  7449 | D:8      | Bought a potion of curing for 39 gold pieces
  7449 | D:8      | Bought a potion of curing for 39 gold pieces
  7449 | D:8      | Bought a scroll of teleportation for 39 gold pieces
  7488 | D:8      | Found a white marble altar of Elyvilon.
  7546 | D:8      | Reached skill level 5 in Shields
  7728 | D:8      | Found an opulent altar of Gozag.
  7751 | D:8      | Found a blossoming altar of Fedhas.
  7799 | D:9      | Found a hazy altar of Hepliaklqana.
  7835 | D:9      | Noticed Harold
  7841 | D:9      | Killed Harold
  8294 | D:9      | Found a shimmering altar of Xom.
  8294 | D:9      | Found a glowing golden altar of the Shining One.
  8304 | D:9      | Found a sacrificial altar of Ru.
  8306 | D:9      | Found a shimmering blue altar of Sif Muna.
  8307 | D:9      | Found a glowing silver altar of Zin.
  8397 | D:9      | Noticed Erica
  8875 | D:9      | Noticed Erolcha
  8877 | Abyss:1  | Cast into level 1 of the Abyss (Erolcha)
  8944 | Abyss:1  | Reached XP level 11. HP: 70/82 MP: 18/18
  8966 | Abyss:1  | Noticed a worldbinder
  8972 | Abyss:1  | Noticed a goliath frog
  8974 | Abyss:1  | Killed a worldbinder
  9000 | Abyss:1  | Noticed a wretched star
  9027 | Abyss:1  | Killed a wretched star
  9028 | Abyss:1  | Reached skill level 10 in Shields
  9047 | Abyss:1  | Noticed a tentacled starspawn
  9059 | Abyss:1  | Killed a tentacled starspawn
  9171 | Abyss:1  | Noticed a reaper
  9467 | Abyss:1  | Noticed a lorocyproca
  9478 | Abyss:1  | Killed a lorocyproca
  9495 | Abyss:1  | Noticed a worldbinder
  9503 | Abyss:1  | Noticed a skeletal warrior
  9506 | Abyss:1  | Killed a worldbinder
  9507 | Abyss:1  | Reached skill level 5 in Armour
  9537 | D:9      | Escaped the Abyss
  9539 | D:9      | Killed Erolcha
 10278 | D:9      | Found Leju's Magic Scroll Boutique.
 10283 | D:9      | Bought a scroll of fog for 22 gold pieces
 10283 | D:9      | Bought a scroll of fear for 38 gold pieces
 10283 | D:9      | Bought a scroll of fear for 38 gold pieces
 10283 | D:9      | Bought a scroll of enchant weapon for 82 gold pieces
 10407 | D:9      | Killed Erica
 10524 | D:10     | Entered Level 10 of the Dungeon
 10599 | D:10     | Found a staircase to the Lair.
 10857 | D:10     | Found Nenim's Jewellery Shoppe.
 11008 | D:10     | Found a burning altar of Makhleb.
 11008 | D:10     | Found a bloodstained altar of Trog.
 11016 | D:10     | Found an iron altar of Okawaru.
 11139 | D:10     | Found a snail-covered altar of Cheibriados.
 11178 | D:10     | Noticed a death yak
 11194 | D:10     | Killed a death yak
 11195 | D:10     | Reached XP level 12. HP: 88/101 MP: 19/19
 11734 | D:11     | Noticed a two-headed ogre
 11741 | D:11     | Killed a two-headed ogre
 11778 | D:11     | Found a staircase to the Orcish Mines.
 12184 | D:11     | Found Iheelo's General Store.
 12492 | D:11     | Bought a scroll of identify for 24 gold pieces
 12492 | D:11     | Bought a scroll of fog for 24 gold pieces
 12867 | D:12     | Reached skill level 10 in Fighting
 12929 | D:12     | Noticed Lodul
 12938 | D:12     | Reached **** piety under Beogh
 12947 | D:12     | Killed Lodul
 13415 | D:12     | Noticed a two-headed ogre
 13420 | D:12     | Killed a two-headed ogre
 14382 | D:13     | Identified the ring of Irasu {Wiz Drain rPois rN+ Str+3}
 14992 | D:13     | Reached skill level 10 in Armour
 15001 | D:13     | Gained Bogfrid as an ally
 15142 | D:14     | Noticed a two-headed ogre
 15142 | D:14     | Noticed Nessos
 15142 | D:14     | Found a gate to the Vaults.
 15395 | D:14     | Killed a two-headed ogre
 15398 | D:14     | Reached XP level 13. HP: 119/119 MP: 20/20
 15404 | D:14     | Gained Margrim as an ally
 15416 | D:14     | Killed Nessos
 17500 | D:15     | Entered Level 15 of the Dungeon
 17754 | D:15     | Noticed Agnes
 17771 | D:15     | HP: 2/122 [something (18)]
 17777 | D:15     | Found a shimmering blue altar of Sif Muna.
 17780 | D:15     | Your ally Bogfrid died
 17786 | D:15     | Your ally Margrim died
 18362 | D:15     | Found Xeuh Nua's Book Shoppe.
 18765 | D:15     | Found a sacrificial altar of Ru.
 18812 | D:15     | Killed Agnes
 19622 | D:1      | Bought a potion of might for 44 gold pieces
 19622 | D:1      | Bought a potion of might for 44 gold pieces
 19622 | D:1      | Bought a potion of curing for 33 gold pieces
 19622 | D:1      | Bought a potion of curing for 33 gold pieces
 19808 | D:9      | Bought a scroll of enchant weapon for 82 gold pieces
 19959 | D:4      | Bought an amulet of guardian spirit for 420 gold pieces
 20222 | Lair:1   | Entered Level 1 of the Lair of Beasts
 20387 | Lair:1   | Reached skill level 1 in Evocations
 20391 | Lair:1   | Found a transporter.
 20690 | Lair:1   | Reached XP level 14. HP: 112/129 MP: 8/21
 20851 | Lair:1   | Found a transporter.
 21658 | Lair:2   | Reached skill level 5 in Evocations
 21675 | Lair:2   | Found a hole to the Spider Nest.
 22465 | Lair:3   | Reached skill level 1 in Throwing
 22556 | Lair:3   | Found a gate leading to a gauntlet.
 22563 | Gauntlet | Entered a Gauntlet
 22563 | Gauntlet | Found a transporter.
 22572 | Gauntlet | Found a transporter.
 22586 | Gauntlet | Found a transporter.
 22587 | Gauntlet | Found a transporter.
 22602 | Gauntlet | Found a transporter.
 22613 | Gauntlet | Found a transporter.
 22613 | Gauntlet | Noticed a quicksilver ooze
 22633 | Gauntlet | Found a transporter.
 22648 | Gauntlet | Found a transporter.
 22650 | Gauntlet | Found a transporter.
 22651 | Gauntlet | Found a transporter.
 22652 | Gauntlet | Found a transporter.
 22655 | Gauntlet | Found a transporter.
 22698 | Gauntlet | Identified the ring "Kadong" {Fly rElec rN+ Dex+2 Slay+4}
 23018 | Gauntlet | Identified the +3 chain mail of Kulaim {Harm rF+ rN+ Dex+2}
 23435 | Lair:3   | Found a staircase to the Shoals.
 24097 | Lair:4   | Reached skill level 5 in Throwing
 25428 | Lair:5   | Reached skill level 11 in Invocations
 25448 | Lair:5   | Found a staircase to the Slime Pits.
 25692 | Lair:5   | Reached skill level 12 in Invocations
 25918 | Lair:5   | You are sucked into a shaft and drop 1 floor!
 25918 | Lair:6   | Entered Level 6 of the Lair of Beasts
 25926 | Lair:6   | Reached skill level 13 in Invocations
 26458 | Lair:6   | Reached skill level 14 in Invocations
 26473 | Lair:6   | Reached XP level 15. HP: 135/137 MP: 23/25
 27035 | Lair:6   | Reached skill level 15 in Invocations
 27587 | Lair:6   | Reached skill level 16 in Invocations
 27697 | Lair:6   | Identified the ring of the Present {rPois rF+ Slay+3}
 28142 | Orc:1    | Entered Level 1 of the Orcish Mines
 28167 | Orc:1    | Found a roughly hewn altar of Beogh.
 28268 | Orc:2    | Entered Level 2 of the Orcish Mines
 28268 | Orc:2    | Noticed Snorg
 28281 | Orc:2    | Killed Snorg
 28338 | Orc:2    | Found Piocoups's Assorted Antiques.
 28338 | Orc:2    | Found Otynad's Weapon Shoppe.
 28342 | Orc:2    | Found Zeyreun's Antique Weapon Shoppe.
 28481 | Orc:2    | Noticed Azrael
 28489 | Orc:2    | Killed Azrael
 28838 | Orc:2    | Found a staircase to the Elven Halls.
 29155 | Orc:2    | Found Losech's Magic Scroll Emporium.
 29174 | Orc:2    | Bought a scroll of brand weapon for 540 gold pieces
 29175 | Orc:2    | Bought a potion of heal wounds for 135 gold pieces
 29175 | Orc:2    | Bought a scroll of teleportation for 81 gold pieces
 29192 | Orc:2    | Bought a scroll of fog for 20 gold pieces
 29192 | Orc:2    | Bought a scroll of fear for 35 gold pieces
 29192 | Orc:2    | Bought a scroll of poison for 35 gold pieces
 29192 | Orc:2    | Bought a scroll of vulnerability for 75 gold pieces
 29193 | Orc:2    | Bought a scroll of immolation for 94 gold pieces
 30288 | Orc:1    | Reached skill level 17 in Invocations
 31745 | D:15     | Found a staircase to the Depths.
 32044 | D:15     | Reached skill level 18 in Invocations
 32370 | Shoals:1 | Entered Level 1 of the Shoals
 32477 | Shoals:1 | Gained Orkrul as an ally
 32558 | Shoals:1 | Reached ***** piety under Beogh
 33030 | Shoals:1 | Reached skill level 19 in Invocations
 33592 | Shoals:1 | Gained Dorog as an ally
 33787 | Shoals:2 | Noticed Polyphemus
 33792 | Shoals:2 | Killed Polyphemus
 33793 | Shoals:2 | Reached XP level 16. HP: 75/145 MP: 11/29
 33798 | Shoals:2 | Reached skill level 20 in Invocations
 33912 | Shoals:2 | Your ally Dorog died
 34266 | Shoals:2 | Gained Bogward as an ally
 34769 | Shoals:3 | Found Etual's Antique Armour Shoppe.
 34778 | Shoals:3 | Reached skill level 21 in Invocations
 34813 | Shoals:3 | Bought a pair of boots for 112 gold pieces
 35083 | Shoals:3 | Found Qycogruc's Vocational Training.
 35950 | Shoals:4 | Entered Level 4 of the Shoals
 36086 | Shoals:4 | Your ally Orkrul died
 36087 | Shoals:4 | Your ally Bogward died
 36090 | Shoals:4 | Paralysed by an air elemental for 1 turns
 36395 | Shoals:4 | Found a stormy altar of Qazlal.
 36449 | Shoals:4 | Paralysed by an air elemental for 1 turns
 36452 | Shoals:4 | Paralysed by an air elemental for 1 turns
 36485 | Shoals:4 | Paralysed by an air elemental for 1 turns
 36491 | Shoals:4 | Paralysed by an air elemental for 1 turns
 36887 | Shoals:4 | Paralysed by an air elemental for 1 turns
 37124 | Shoals:4 | Reached skill level 15 in Fighting
 37603 | Shoals:4 | Paralysed by an air elemental for 1 turns
 38096 | Shoals:4 | Noticed a titan
 38106 | Shoals:4 | Killed a titan
 38196 | Shoals:4 | Gained Jorge as an ally
 38206 | Shoals:4 | Got a barnacled rune of Zot
 39241 | D:4      | Bought a ring of willpower for 350 gold pieces
 39241 | D:4      | Bought a ring of resist corrosion for 280 gold pieces
 39420 | D:10     | Bought an amulet of reflection for 450 gold pieces
 39519 | Vaults:1 | Entered Level 1 of the Vaults
 39786 | Vaults:1 | Got the Grimoire of Summoning
 39908 | Vaults:1 | Reached XP level 17. HP: 116/160 MP: 31/31
 41890 | Vaults:2 | Reached skill level 15 in Armour
 42187 | Vaults:2 | Identified the +7 dagger of Cobwebs {vorpal, Int+4}
 42304 | Vaults:2 | Found a transporter.
 42306 | Vaults:2 | Found a shimmering blue altar of Sif Muna.
 42362 | Vaults:2 | Found Voulaogu's Jewellery Emporium.
 42466 | Vaults:2 | Found Widotod's Distillery.
 42522 | Vaults:2 | Bought a potion of haste for 160 gold pieces
 42522 | Vaults:2 | Bought a potion of haste for 160 gold pieces
 42522 | Vaults:2 | Bought a potion of invisibility for 128 gold pieces
 42569 | Vaults:2 | Found Dollod's Assorted Antiques.
 43757 | Vaults:2 | Noticed a lich
 43770 | Vaults:2 | Found a staircase to the Crypt.
 44217 | Vaults:3 | Noticed a dread lich
 44440 | Vaults:3 | Noticed Sojobo
 44458 | Vaults:3 | Killed from afar by Sojobo

Illustrated notes

Levels and vault maps discovered:
D:1:      minmay_arrival_three_doors, layout_loops_corners, serial_shops,
          nicolae_shop_temple_entry_statues_fountains,
          chequers_ecumenical_altar_simple, kennysheep_doodads
D:2:      layout_basic, serial_shops, shop_statue, minmay_fountain_box,
          nicolae_figureground_pulse
D:3:      layout_basic, uniq_natasha
D:4:      layout_loops_corners, serial_shops, shop
D:5:      layout_cave_pools
D:6:      layout_basic, kiku_gazebo_pond_becter, minmay_temple_entry_wispy,
          ebering_ghost_sewer_f, uniq_duvessa
D:7:      minmay_cornered_nines, layout_loops_ring, mainiacjoe_overflow_alcove_4
D:8:      layout_rooms, kennysheep_mini_moat, elyvilon_altar_3,
          lemuel_crystal_altar, serial_shops, shop
D:9:      layout_cave_pods, lemuel_round_altar,
          chequers_temple_overflow_minitemple, enter_bailey_3, serial_shops,
          kennysheep_little_box, uniq_erolcha, uniq_erica, uniq_harold
D:10:     layout_loops_ring, grunt_temple_overflow_open, kennysheep_slug_shrine,
          david_lair_generic, serial_shops, shop_fountains, roderic_batcave
D:11:     layout_basic, david_orc_2, special_room [special_room_orc],
          serial_shops, nicolae_shop_waterfront
D:12:     layout_basic, minivault_19, uniq_lodul
D:13:     layout_loops_ring, kennysheep_boxes
D:14:     layout_irregular_city, david_vaults_3
D:15:     gammafunk_enter_depths_forms, layout_basic,
          nicolae_ru_the_path_less_chosen, serial_shops, shop,
          nicolae_sif_muna_condensation, uniq_agnes
Lair:1:   gammafunk_cloud_chamber, layout_chaotic_city
Lair:2:   layout_cave_pods, spider_nest_entry_web_field
Lair:3:   layout_loops_ring, shoals_dummy_entry, gauntlet_entry_generic,
          ldierk_geyser, minmay_holes
Lair:4:   layout_layer_cave, chequers_serial_rivers_large_a,
          infiniplex_staircase_pool, grunt_megastairs_5, uniq_nessos
Lair:5:   layout_big_grid, slime_entry_1, hibernation_bobbens,
          lemuel_fruit_fields, serial_bayou_shore_a
Lair:6:   evilmike_catoblepas_cave, layout_concentric_octagons
Shoals:1: layout_shoals, nicolae_shoals_wave_tunnel
Shoals:2: layout_shoals, nicolae_shoals_lost_giant_temple, uniq_polyphemus
Shoals:3: argonaut_golden_fleece, layout_shoals, serial_shops,
          nicolae_shop_overgrown_old_shop, nicolae_shop_vocational
Shoals:4: shoals_end_hellmonk_storm_palace [storm_palace_center_circular,
          storm_palace_corner_pillars, storm_palace_corner_altar,
          storm_palace_corner_pillars, storm_palace_corner_blocked]
Orc:1:    layout_caves, basic_altar
Orc:2:    st_orc_mages, layout_diamond_mine, uniq_azrael, uniq_snorg
Vaults:1: vaults_dpeg_spiral, hangedman_vaults_slither,
          ontoclasm_vaults_gateway, nicolae_vaults_little_squares_5,
          hangedman_vaults_maws, layout_vaults_omnicross
Vaults:2: v_misc_4, minmay_crypt_entry_simple_plaza, gammafunk_sealed_library,
          v_misc_9, v_misc_3, v_misc_3, v_misc_5, nicolae_vaults_circle_grid_a,
          ontoclasm_vaults_twist, v_rooms_6, vaults_room_ringed_pool,
          ontoclasm_vaults_loading_screen, vaults_dpeg_ring,
          layout_vaults_omnibox, serial_shops, shop, nicolae_lakefront_shop,
          shop
Vaults:3: v_rooms_5, v_misc_25, v_misc_27, ontoclasm_vaults_claustrophobia,
          nicolae_vaults_little_squares_6, st_quartered_hall,
          hangedman_vaults_impose, hangedman_vaults_pinch,
          nicolae_vaults_little_squares_6, nicolae_vaults_network_quinsquares
          [nicolae_vaults_network_quincunx_subvault,
          nicolae_vaults_network_quincunx_subvault,
          nicolae_vaults_network_quincunx_subvault,
          nicolae_vaults_network_quincunx_subvault], layout_vaults_omnigrid,
          serial_shops, shop, uniq_sojobo

Skill      XL: |  1  2  3  4  5  6  7  8  9 10 11 12 13 14 15 16 17 |
---------------+----------------------------------------------------+-----
Axes           | 3 4 5 7 8 9 10 14 15 17 | 17.9
Invocations    | 1 7 10 14 19 21 | 21.4
Shields        | 9 10 | 10.0
Fighting       | 7 12 13 16 18 | 18.5
Armour         | 8 10 12 15 | 15.0
Evocations     | 3 6 |  6.0
Throwing       | 5 |  5.4

Action                   |  1- 3 |  4- 6 |  7- 9 | 10-12 | 13-15 | 16-18 || total
-------------------------+-------+-------+-------+-------+-------+-------++-------
Melee: War axe           |   104 |   157 |   189 |   273 |       |       ||   723
       Broad axe         |       |       |       |   297 |   856 |   390 ||  1543
Throw: Dart              |     3 |    79 |    37 |   112 |   273 |     6 ||   510
       Boomerang         |       |       |       |       |       |    64 ||    64
       Javelin           |       |       |       |       |       |    23 ||    23
Invok: Smiting           |       |       |    12 |    16 |    35 |    22 ||    85
       Recall Orcish Fol |       |       |       |       |     8 |    10 ||    18
       Give Item to Name |       |       |       |       |     1 |     1 ||     2
Evoke: Wand              |       |       |       |     1 |    24 |    20 ||    45
       Lightning rod     |       |       |       |       |    11 |    11 ||    22
       Phantom mirror    |       |       |       |       |     3 |     3 ||     6
       Phial of floods   |       |       |       |       |     2 |     3 ||     5
  Use: Scroll            |     1 |     4 |     9 |     7 |    12 |     6 ||    39
       Potion            |       |       |     2 |     6 |     7 |     4 ||    19
 Stab: Invisible         |       |       |     1 |       |       |     1 ||     2
       Distracted        |       |       |       |     1 |       |     2 ||     3
Armor: Scale mail        |    55 |    65 |     4 |       |       |       ||   124
       Chain mail        |       |       |    68 |       |       |       ||    68
       Gold dragon scale |       |       |    96 |   247 |   385 |   310 ||  1038
Dodge: Dodged            |    67 |    49 |    61 |    72 |    54 |    77 ||   380
Block: Buckler           |    31 |    29 |    53 |     9 |       |       ||   122
       Kite shield       |       |       |       |   474 |   694 |   479 ||  1647
       Reflection        |       |       |       |       |       |    17 ||    17

Table legend: (Time is in decaauts)
 A = Elapsed time spent in this place.
 B = Non-inter-level travel time spent in this place.
 C = Inter-level travel time spent in this place.
 D = Time resting spent in this place.
 E = Time spent auto-exploring this place.
 F = Levels seen in this place.
 G = Mean time per level.
                   A        B        C        D        E       F      G
               +--------+--------+--------+--------+--------+-----+--------+
         Total |  44357 |  41205 |   3152 |  14585 |  17662 |  32 | 1386.2 |
       Dungeon |  21417 |  19162 |   2255 |   6217 |   8893 |  15 | 1427.8 |
          Lair |   7419 |   7023 |    396 |    868 |   4595 |   6 | 1236.5 |
        Shoals |   6628 |   6383 |    245 |   3297 |   1384 |   4 | 1657.0 |
  Orcish Mines |   2850 |   2730 |    120 |   1527 |    830 |   2 | 1425.0 |
        Vaults |   4926 |   4793 |    133 |   2350 |   1843 |   3 | 1642.0 |
         Abyss |    649 |    649 |      0 |     80 |    116 |   1 |  649.0 |
      Gauntlet |    465 |    465 |      0 |    246 |      0 |   1 |  465.0 |
               +--------+--------+--------+--------+--------+-----+--------+

Top non-repeatable levels by time:
Vaults:2: 3024 daAuts
    D:15: 2885 daAuts
Shoals:4: 2391 daAuts
     D:9: 2346 daAuts
  Lair:6: 2053 daAuts
   Orc:2: 1856 daAuts
     D:4: 1814 daAuts
Vaults:1: 1805 daAuts
    D:12: 1719 daAuts
    D:14: 1661 daAuts
Shoals:3: 1610 daAuts
    D:11: 1502 daAuts
Shoals:2: 1501 daAuts
  Lair:4: 1484 daAuts
     D:7: 1366 daAuts
